 Dungeon Crawl Stone Soup version 0.20.0-10-g0535bb4 (webtiles) character file.

53652 vatarom the Dancer (level 14, -8/77 HPs)
             Began as a Vine Stalker Assassin on June 7, 2017.
             Was a Follower of Uskayaw.
             Mangled by a catoblepas (11 damage)
             ... on level 6 of the Lair of Beasts.
             The game lasted 01:00:31 (18460 turns).

vatarom the Dancer (Vine Stalker Assassin)         Turns: 18460, Time: 01:00:32

Health: -8/77      AC: 20    Str: 16    XL:     14   Next: 69%
Magic:  0/34       EV: 15    Int: 13    God:    Uskayaw [*.....]
Gold:   1418       SH:  7    Dex: 24    Spells: 17/20 levels left

rFire    . . .     SeeInvis +   F - +3 dagger (speed)
rCold    . . .     Gourm    +   y - +0 buckler {AC+3}
rNeg     . . .     Faith    .   q - +1 scale mail "Tenumitt" {rElec MR+ Str+2}
rPois    .         Spirit   +   B - +2 hat
rElec    +         Reflect  .   L - +0 cloak
rCorr    .         Harm     .   Q - +2 pair of gloves {Dex+3}
MR       ++...                  k - +1 pair of boots
Stlth    ++........             i - amulet of the gourmand
Regen    1.1/turn               D - ring of magical power
MPRegen  0.3/turn               c - ring of see invisible

@: no status effects
A: fangs 3, see invisible, clever 1, regeneration 2, magic shield, antimagic
bite, no potion heal 3, rot immunity, MP-powered wands
a: Stomp, Renounce Religion


You were on level 6 of the Lair of Beasts.
You worshipped Uskayaw.
Uskayaw was pleased with you.
You were completely stuffed.

You visited 3 branches of the dungeon, and saw 18 of its levels.
You also visited: Sewer.

You collected 1418 gold pieces.

Inventory:

Hand Weapons
 b - a +0 blowgun
 F - a +3 dagger of speed (weapon)
Missiles
 d - 4 curare-tipped needles
 e - 70 poisoned needles
 P - 11 needles of confusion
 T - 5 needles of sleeping
Armour
 k - a +1 pair of boots (worn)
 q - the +1 scale mail "Tenumitt" (worn) {rElec MR+ Str+2}
   (You found it on level 4 of the Lair of Beasts)

   It affects your strength (+2).
   It insulates you from electricity.
   It affects your resistance to hostile enchantments.
 y - a +0 buckler of protection (worn)
 B - a +2 hat (worn)
 L - a +0 cloak (worn)
 Q - a +2 pair of gloves of dexterity (worn)
Jewellery
 c - a ring of see invisible (right hand)
 h - an uncursed ring of stealth
 i - an amulet of the gourmand (around neck)
 m - an uncursed amulet of regeneration
 w - an uncursed amulet of faith
 D - a ring of magical power (left hand)
 O - an uncursed ring of resist corrosion
Wands
 f - a wand of polymorph (7/24)
 l - a wand of iceblast (8/15)
 v - a wand of iceblast (10/15)
 x - a wand of polymorph (9/24)
 G - a wand of lightning (5/15)
 N - a wand of paralysis (8/24)
Scrolls
 p - a scroll of enchant armour
 r - 12 scrolls of remove curse
 C - 2 scrolls of amnesia
 M - a scroll of recharging
Potions
 a - a potion of brilliance
 n - 4 potions of agility
 s - a potion of might
 u - 3 potions of flight
 z - a potion of resistance
 E - a potion of invisibility
 H - 4 potions of haste
 J - a potion of magic
 K - 2 potions of curing
Books
 S - a book of Battle

   Spells                             Type                      Level
   a - Infusion                       Charms                       1
   b - Shroud of Golubria             Charms/Translocation         2
   c - Song of Slaying                Charms                       2
   d - Spectral Weapon                Hexes/Charms                 3
   e - Regeneration                   Charms/Necromancy            3
Miscellaneous
 t - a phial of floods
Comestibles
 g - 10 bread rations
 j - 29 royal jellies
 o - 11 meat rations
 A - 13 fruits
 I - 5 chunks of flesh


   Skills:
 - Level 10.7 Fighting
 - Level 10.0 Short Blades
 - Level 1.7 Throwing
 - Level 6.2 Armour
 - Level 6.8 Dodging
 - Level 5.0 Stealth
 - Level 6.7 Shields
 + Level 3.8 Spellcasting
 + Level 3.7 Charms
 - Level 13.8 Invocations


You had 17 spell levels left.
You knew the following spells:

 Your Spells              Type           Power        Failure   Level  Hunger
a - Spectral Weapon       Hex/Chrm       #.......     67%         3    ###....


Dungeon Overview and Level Annotations

Branches:
Dungeon (11/15)            Temple (1/1) D:4            Lair (6/6) D:11
 Shoals (0/4) Lair:4        Snake (0/4) Lair:2        Slime (0/5) Lair:5
    Orc (0/2) D:10

Altars:
Ashenzari
Cheibriados
Dithmenos
Elyvilon
Fedhas
Gozag
Hepliaklqana
Kikubaaqudgha
Makhleb
Nemelex Xobeh
Okawaru
Qazlal
Ru
Sif Muna
Trog
Uskayaw
Vehumet
Xom
Yredelemnul
Zin
The Shining One
Jiyva

Shops:
D:4 *

Annotations:
D:5 1 runed door


Innate Abilities, Weirdness & Mutations

You have razor-sharp teeth.
You heal very quickly.
When hurt, damage is shared between your health and your magic reserves.
Your bite disrupts and absorbs the magic of your enemies.
Potions cannot restore your health.
You are immune to rotting.
You have supernaturally acute eyesight. (SInv)
Your mind is acute. (Int +2)
You expend magic power (3 MP) to strengthen your wands.


Message History

* * * LOW HITPOINT WARNING * * *
The wolf spider bites you but does no damage.
The dream sheep bites you!
* * * LOW HITPOINT WARNING * * *
The wolf spider hits you!
* * * LOW HITPOINT WARNING * * *
The wolf spider bites you but does no damage.
The catoblepas gores you!!
* * * LOW HITPOINT WARNING * * *
You turn to flesh and can move again.
Okay, then.
Okay, then.
You hit the catoblepas but do no damage.
You bite the catoblepas. You drain its power.
You feel invigorated.
The catoblepas is almost dead.
The dream sheep closely misses you. The wolf spider closely misses you. x2
You hit the catoblepas but do no damage.
The catoblepas is almost dead.
The catoblepas gores you!
You die...

###..# #####..
##### ## P.### ####
...P### ###.P.
......## ##.....
###.#....####.....#
#...#.....##......#
#.YY#....P###.....#
#.@s.†..###.###...†
######..^#.......##
#P..#.#...#....P
#.........#.....
#.....#####.....
##..... ...#.#
##.#.. .....##
#####.P.##### ###


You could see a catoblepas, a wolf spider and a dream sheep.

Vanquished Creatures
  2 entropy weavers (Lair:4)
  4 hydras
  The ghost of herpmino the Cleaver, a novice MiFi of Okawaru (D:10)
  A queen ant (Lair:4)
  7 two-headed ogres
  2 death yaks (Lair:6)
  Urug (D:10)
  An unseen horror (D:10)
  An orc knight (D:9)
  A deep elf mage (D:11)
  2 wolf spiders (Lair:6)
  2 ugly things
  A manticore (Lair:6)
  4 cyclopes (D:11)
  17 elephants
  A merfolk siren (Lair:4)
  A black mamba (Lair:2)
  11 spiny frogs
  2 gargoyles
  5 komodo dragons
  A kobold demonologist (D:11)
  A troll (D:9)
  3 merfolk (Lair:4)
  2 queen bees
  A slime creature (D:11)
  3 hornets
  9 blink frogs
  A dream sheep (Lair:6)
  2 hippogriffs
  8 spriggans (Lair:1)
  A wraith (D:10)
  26 yaks
  2 wyverns (D:9)
  2 steam dragons
  2 basilisks
  3 hungry ghosts
  12 soldier ants
  3 nagas (Lair:2)
  An acid dragon (D:8)
  11 water moccasins
  11 porcupines
  5 ice beasts
  6 orc warriors
  2 phantoms
  A sky beast (D:8)
  9 ogres
  A black bear (D:9)
  5 necrophages (Lair:3)
  An eye of draining (D:9)
  8 centaurs
  13 crocodiles
  6 big kobolds
  22 bullfrogs
  A gnoll sergeant (D:11)
  3 scorpions
  A water moccasin skeleton (D:5)
  39 killer bees
  4 electric eels
  3 howler monkeys
  3 crimson imps
  A centaur zombie (D:6)
  2 quasits
  A bullfrog zombie (D:5)
  5 hounds
  4 jellies
  2 bullfrog skeletons
  6 orc priests
  A centaur skeleton (D:9)
  8 orc wizards
  Jessica (D:3)
  3 iguanas
  28 worker ants
  A hound zombie (D:8)
  3 worker ant zombies
  Robin (D:2)
  9 gnolls
  2 howler monkey skeletons
  12 adders
  2 river rats (Sewer)
  A shadow imp (D:6)
  7 worms
  6 dart slugs
  5 leopard geckos
  42 orcs
  3 giant cockroaches
  16 goblins
  9 hobgoblins
  8 jackals
  12 quokkas
  2 ball pythons
  9 bats
  3 frilled lizards
  10 kobolds
  2 leopard gecko skeletons
  A quokka skeleton (D:6)
  9 rats
  A plant (Lair:4)
543 creatures vanquished.

Vanquished Creatures (others)
  A shadow (D:9)
  5 fungi (Lair:4)
  5 plants
11 creatures vanquished.

Grand Total: 554 creatures vanquished

Notes
Turn   | Place    | Note
-------+----------+-------------------------------------------
     0 | D:1      | vatarom the Vine Stalker Assassin began the quest for the Orb.
     0 | D:1      | Reached XP level 1. HP: 11/11 MP: 2/2
   120 | D:1      | Reached skill level 5 in Stealth
   225 | D:1      | Reached XP level 2. HP: 15/15 MP: 3/3
   899 | D:1      | Reached XP level 3. HP: 18/19 MP: 2/4
  1028 | D:2      | Noticed Robin
  1041 | D:2      | Killed Robin
  1370 | D:2      | Gained mutation: Your natural rate of healing is unusually fast. [Vine Stalker growth]
  1370 | D:2      | Reached XP level 4. HP: 16/25 MP: 3/5
  1410 | D:2      | Found an ancient bone altar of Kikubaaqudgha.
  1411 | D:2      | Found a blossoming altar of Fedhas.
  1912 | D:3      | Reached XP level 5. HP: 24/30 MP: 6/6
  1991 | D:3      | Noticed Jessica
  2004 | D:3      | Killed Jessica
  2137 | D:3      | Reached skill level 5 in Fighting
  2496 | D:4      | Reached XP level 6. HP: 35/35 MP: 7/7
  2540 | D:4      | Found a staircase to the Ecumenical Temple.
  2548 | D:4      | Found Lunorayh's General Store.
  2556 | Temple   | Entered the Ecumenical Temple
  2999 | D:4      | Reached XP level 7. HP: 34/41 MP: 8/8
  3461 | D:5      | Entered Level 5 of the Dungeon
  3474 | D:5      | Found a sacrificial altar of Ru.
  3548 | D:5      | Found a glowing drain.
  3600 | Sewer    | Entered a sewer
  3757 | Sewer    | Found a glowing silver altar of Zin.
  4061 | D:5      | Found a white marble altar of Elyvilon.
  4114 | D:5      | Found a basalt altar of Yredelemnul.
  4149 | D:5      | Found a sparkling altar of Nemelex Xobeh.
  4216 | D:5      | Found a runed door.
  4302 | D:5      | Gained mutation: You have razor-sharp teeth. [Vine Stalker growth]
  4302 | D:5      | Reached XP level 8. HP: 45/45 MP: 9/9
  4347 | D:5      | Reached skill level 5 in Short Blades
  4658 | D:6      | Found a deep blue altar of Sif Muna.
  4767 | D:6      | Found a glowing golden altar of the Shining One.
  4768 | D:6      | Found a hide-covered altar of Uskayaw.
  4769 | D:6      | Found a shimmering altar of Xom.
  4778 | D:6      | Became a worshipper of Uskayaw the Reveler
  4920 | D:6      | Reached * piety under Uskayaw
  4929 | D:6      | Reached ** piety under Uskayaw
  4933 | D:6      | Reached *** piety under Uskayaw
  4998 | D:6      | Reached skill level 1 in Dodging
  5008 | D:6      | Reached **** piety under Uskayaw
  5545 | D:6      | Found a shattered altar of Ashenzari.
  5607 | D:6      | Noticed a two-headed ogre
  5632 | D:6      | Killed a two-headed ogre
  5632 | D:6      | Reached skill level 5 in Dodging
  5632 | D:6      | Reached XP level 9. HP: 44/49 MP: 8/10
  5945 | D:7      | Found a hazy altar of Hepliaklqana.
  6300 | D:7      | Reached skill level 1 in Shields
  6769 | D:8      | Reached ***** piety under Uskayaw
  6793 | D:8      | Noticed a two-headed ogre
  6810 | D:8      | Killed a two-headed ogre
  6810 | D:8      | Reached skill level 5 in Shields
  6810 | D:8      | Reached XP level 10. HP: 41/53 MP: 11/11
  6926 | D:8      | Found an iron altar of Okawaru.
  7307 | D:8      | Reached skill level 1 in Invocations
  7595 | D:8      | Reached skill level 2 in Invocations
  7680 | D:8      | Reached skill level 3 in Invocations
  7865 | D:8      | Gained mutation: Scrolls take you a little longer to read. [mutagenic meat]
  7866 | D:8      | Gained mutation: Your system is resistant to poisons. (rPois) [mutagenic meat]
  7867 | D:8      | Gained mutation: Your skin changes colour to match your surroundings (Stealth+). [mutagenic meat]
  7869 | D:8      | Gained mutation: You are frail. (-10% HP) [mutagenic meat]
  8111 | D:9      | Noticed a gargoyle
  8113 | D:9      | Noticed a cyclops
  8173 | D:9      | Killed a gargoyle
  8350 | D:9      | Noticed a two-headed ogre
  8402 | D:9      | Killed a two-headed ogre
  8402 | D:9      | Reached skill level 4 in Invocations
  8402 | D:9      | Reached XP level 11. HP: 32/52 MP: 13/15
  8481 | D:9      | Found a snail-covered altar of Cheibriados.
  8600 | D:9      | Reached skill level 5 in Invocations
  8684 | D:9      | Noticed a green ugly thing
  8700 | D:9      | Killed a green ugly thing
  8859 | D:9      | Reached skill level 6 in Invocations
  8969 | D:9      | Reached skill level 1 in Armour
  9008 | D:9      | Noticed a two-headed ogre
  9016 | D:9      | Killed a two-headed ogre
  9037 | D:9      | Reached skill level 7 in Invocations
  9095 | D:9      | Noticed an orc knight
  9134 | D:9      | Killed an orc knight
  9421 | D:10     | Entered Level 10 of the Dungeon
  9484 | D:10     | Noticed Urug
  9502 | D:10     | Killed Urug
  9525 | D:10     | Noticed a two-headed ogre
  9540 | D:10     | Killed a two-headed ogre
  9540 | D:10     | Reached skill level 8 in Invocations
  9735 | D:10     | Reached ****** piety under Uskayaw
  9745 | D:10     | Reached skill level 9 in Invocations
  9962 | D:10     | Lost mutation: Scrolls take you a little longer to read. [potion of mutation]
  9962 | D:10     | Lost mutation: You are frail. (-10% HP) [potion of mutation]
  9962 | D:10     | Gained mutation: You tend to lose your temper in combat. [potion of mutation]
  9962 | D:10     | Gained mutation: You have a pair of small horns on your head. [potion of mutation]
  9962 | D:10     | Gained mutation: Your flesh is cold resistant. (rC+) [potion of mutation]
  9997 | D:10     | Noticed herpmino's ghost (novice MiFi)
 10168 | D:10     | Gained mutation: You heal very quickly. [Vine Stalker growth]
 10168 | D:10     | Reached XP level 12. HP: 62/62 MP: 19/19
 10421 | D:10     | Found a staircase to the Orcish Mines.
 10610 | D:10     | Killed herpmino's ghost
 11194 | D:11     | Found a staircase to the Lair.
 11363 | D:11     | Noticed a two-headed ogre
 11377 | D:11     | Killed a two-headed ogre
 11377 | D:11     | Reached skill level 10 in Invocations
 11585 | D:11     | Noticed a five-headed hydra
 11591 | D:11     | Killed a five-headed hydra
 11617 | D:11     | Noticed a two-headed ogre
 11632 | D:11     | Killed a two-headed ogre
 11757 | D:11     | Got a transparent eveningstar {holy}
 11758 | D:11     | Identified the +4 eveningstar of Tinuuc {holy, rN++ Int+4} (You took it off a gnoll sergeant on level 11 of the Dungeon)
 11911 | Lair:1   | Entered Level 1 of the Lair of Beasts
 12354 | Lair:1   | Reached skill level 10 in Fighting
 12354 | Lair:1   | Reached XP level 13. HP: 72/72 MP: 22/22
 12360 | Lair:1   | Reached skill level 11 in Invocations
 13558 | Lair:2   | Found a staircase to the Snake Pit.
 13635 | Lair:2   | Reached skill level 12 in Invocations
 15456 | Lair:4   | Noticed an entropy weaver
 15457 | Lair:4   | Noticed an entropy weaver
 15910 | Lair:4   | Reached skill level 10 in Short Blades
 16125 | Lair:4   | Lost mutation: You tend to lose your temper in combat. [potion of mutation]
 16125 | Lair:4   | Lost mutation: Your flesh is cold resistant. (rC+) [potion of mutation]
 16125 | Lair:4   | Lost mutation: You have a pair of small horns on your head. [potion of mutation]
 16125 | Lair:4   | Lost mutation: Your system is resistant to poisons. (rPois) [potion of mutation]
 16125 | Lair:4   | Lost mutation: Your skin changes colour to match your surroundings (Stealth+). [potion of mutation]
 16125 | Lair:4   | Gained mutation: Your muscles are strong. (Str +2) [potion of mutation]
 16125 | Lair:4   | Gained mutation: You are agile. (Dex +2) [potion of mutation]
 16125 | Lair:4   | Gained mutation: Your flesh is heat resistant. (rF+) [potion of mutation]
 16126 | Lair:4   | Lost mutation: You are agile. (Dex +2) [potion of mutation]
 16126 | Lair:4   | Lost mutation: Your muscles are strong. (Str +2) [potion of mutation]
 16126 | Lair:4   | Lost mutation: Your flesh is heat resistant. (rF+) [potion of mutation]
 16126 | Lair:4   | Gained mutation: You evolve. [potion of mutation]
 16126 | Lair:4   | Gained mutation: Scrolls take you a little longer to read. [potion of mutation]
 16126 | Lair:4   | Gained mutation: You are partially covered in thin metallic scales. (AC +2) [potion of mutation]
 16164 | Lair:4   | Got a smoking scale mail
 16185 | Lair:4   | Identified the +1 scale mail "Tenumitt" {rElec MR+ Str+2} (You found it on level 4 of the Lair of Beasts)
 16205 | Lair:4   | Reached skill level 13 in Invocations
 16263 | Lair:4   | Found a staircase to the Shoals.
 16296 | Lair:4   | Reached XP level 14. HP: 45/77 MP: 24/24
 16481 | Lair:4   | Killed an entropy weaver
 16580 | Lair:4   | Killed an entropy weaver
 16580 | Lair:4   | Reached skill level 5 in Armour
 17013 | Lair:5   | Lost mutation: Scrolls take you a little longer to read. [evolution]
 17039 | Lair:5   | Lost mutation: You evolve. [potion of mutation]
 17039 | Lair:5   | Lost mutation: You are partially covered in thin metallic scales. (AC +2) [potion of mutation]
 17039 | Lair:5   | Gained mutation: Your body sometimes deteriorates upon taking damage. [potion of mutation]
 17039 | Lair:5   | Gained mutation: You are covered in fur. (AC +1) [potion of mutation]
 17039 | Lair:5   | Gained mutation: You tend to lose your temper in combat. [potion of mutation]
 17039 | Lair:5   | Gained mutation: Your spells are a little harder to cast, but a little more powerful. [potion of mutation]
 17465 | Lair:5   | Found a viscous altar of Jiyva.
 17466 | Lair:5   | Found a staircase to the Slime Pits.
 17843 | Lair:6   | Entered Level 6 of the Lair of Beasts
 17967 | Lair:6   | Learned a level 3 spell: Spectral Weapon
 18040 | Lair:6   | Reached skill level 1 in Spellcasting
 18041 | Lair:6   | Reached skill level 1 in Charms
 18071 | Lair:6   | Lost mutation: Your body sometimes deteriorates upon taking damage. [potion of mutation]
 18071 | Lair:6   | Lost mutation: You tend to lose your temper in combat. [potion of mutation]
 18071 | Lair:6   | Lost mutation: Your spells are a little harder to cast, but a little more powerful. [potion of mutation]
 18071 | Lair:6   | Lost mutation: You are covered in fur. (AC +1) [potion of mutation]
 18071 | Lair:6   | Gained mutation: You expend magic power (3 MP) to strengthen your wands. [potion of mutation]
 18071 | Lair:6   | Gained mutation: Your mind is acute. (Int +2) [potion of mutation]
 18071 | Lair:6   | Gained mutation: You have supernaturally acute eyesight. (SInv) [potion of mutation]
 18458 | Lair:6   | HP: 2/77 [catoblepas (6)]
 18460 | Lair:6   | Mangled by a catoblepas

Skill      XL: |  1  2  3  4  5  6  7  8  9 10 11 12 13 14 |
---------------+-------------------------------------------+-----
Stealth        | 5 |  5.0
Fighting       | 2 3 4 5 6 10 | 10.7
Short Blades   | 4 6 8 10 | 10.0
Dodging        | 5 6 |  6.8
Shields        | 5 6 |  6.7
Invocations    | 4 9 10 13 | 13.8
Armour         | 3 4 6 |  6.2
Spellcasting   | 3 |  3.8
Charms         | 3 |  3.7
Throwing       | |  1.7

Action                   |  1- 3 |  4- 6 |  7- 9 | 10-12 | 13-15 || total
-------------------------+-------+-------+-------+-------+-------++-------
Melee: Dagger            |    91 |   163 |   411 |  1102 |  1207 ||  2974
       Bite              |    24 |    47 |   161 |   472 |   557 ||  1261
       Headbutt          |       |       |       |   102 |   201 ||   303
 Fire: Blowgun           |       |       |    21 |     5 |    11 ||    37
Invok: Line Pass         |       |       |     1 |     3 |     4 ||     8
       Stomp             |       |       |     1 |       |     2 ||     3
       Grand Finale      |       |       |       |       |     1 ||     1
Evoke: Wand              |       |     1 |       |     2 |    10 ||    13
  Use: Scroll            |     3 |     5 |    10 |    11 |    10 ||    39
       Potion            |     1 |       |     6 |    13 |     6 ||    26
 Stab: Sleeping          |    11 |    16 |     9 |    26 |    14 ||    76
       Paralysed         |       |       |     6 |    36 |    53 ||    95
       Confused          |       |       |     1 |     2 |     5 ||     8
       Distracted        |       |       |       |     6 |     3 ||     9
  Eat: Chunk             |    12 |     5 |    13 |    24 |    22 ||    76
       Bread ration      |       |       |       |     2 |       ||     2
Armor: Robe              |    23 |    56 |    93 |    40 |       ||   212
       Steam dragon scal |       |       |       |    49 |    60 ||   109
       Scale mail        |       |       |       |       |   106 ||   106
Dodge: Dodged            |    39 |   115 |   221 |   324 |   353 ||  1052
Block: Buckler           |       |       |       |   141 |   175 ||   316
